 Dungeon Crawl Stone Soup version 0.28-a0-1493-g08698888e4 (webtiles) character file.

Game seed: 16510665806585184047

8 cheechan the Digger (level 2, -11/17 HPs)
             Began as an Octopode Earth Elementalist on Jan 11, 2022.
             Mangled by a shadow (13 damage)
             ... created by the darkness of Dithmenos
             ... on level 1 of the Dungeon on Jan 12, 2022.
             The game lasted 00:02:28 (452 turns).

cheechan the Digger (Octopode Earth Elementalist)    Turns: 452, Time: 00:02:28

Health: -11/17     AC:  1    Str:  7    XL:     2   Next: 8%
Magic:  4/5        EV: 13    Int: 17    God:
Gold:   0          SH:  0    Dex: 12    Spells: 4/5 levels left

rFire   . . .      SeeInvis .   a - +0 hand axe
rCold   . . .      Faith    .   (no shield)
rNeg    . . .      Spirit   .   (helmet restricted)
rPois   .          Reflect  .   (no amulet)
rElec   .          Harm     .   (no ring)
rCorr   .          Rampage  .   (no ring)
Will    .....                   (no ring)
Stlth   +++.......              (no ring)
HPRegen 0.05/turn               (no ring)
MPRegen 0.09/turn               (no ring)
                                (no ring)
                                (no ring)

@: no status effects
A: almost no armour, amphibious, 8 rings, camouflage 1, gelatinous body 1,
(nimble swimmer 1), tentacles
a: no special abilities


You were on level 1 of the Dungeon.
You visited 1 branch of the dungeon, and saw 1 of its levels.

Inventory:

Hand Weapons
 a - a +0 hand axe (weapon)
Missiles
 b - 21 stones
Scrolls
 c - a scroll of enchant armour {unknown}


   Skills:
 + Level 2.2 Dodging
 + Level 2.6 Stealth
 + Level 2.0 Spellcasting
 + Level 1.0 Transmutations
 + Level 3.4 Earth Magic


You had 4 spell levels left.
You knew the following spells:

 Your Spells              Type           Power      Damage    Failure   Level
a - Sandblast             Erth           26%        2d8       4%          1

Your spell library contained the following spells:

 Spells                   Type           Power      Damage    Failure   Level
 Passwall                 Tmut/Erth      7%         N/A       12%         2
 Stone Arrow              Conj/Erth      14%        3d7       28%         3
 Petrify                  Tmut/Erth      9%         N/A       61%         4


Dungeon Overview and Level Annotations

Branches:
Dungeon (1/15)

Altars:
Dithmenos


Innate Abilities, Weirdness & Mutations

You cannot wear most types of armour.
You are amphibious.
You can wear up to eight rings at the same time.
Your skin changes colour to match your surroundings (Stealth+).
Your rubbery body absorbs attacks. (AC +1, EV +1)
((You are camouflaged when in or above water. (Stealth+)))
You have tentacles for arms and can constrict up to eight enemies at once.


Message History

You see here a +0 dagger.
Welcome back, cheechan the Octopode Earth Elementalist.
Press ? for a list of commands and other information.
Sorry, you're not good enough to have a special ability.
Unknown command.
You are not religious.
You see here a +0 mace.
Found a stone staircase leading down.
There is a stone staircase leading down here.
There is a stone staircase leading down here.
A goblin comes into view. It is wielding a +0 club.
Casting: Sandblast (safe; 4% risk of failure)
Confirm with . or Enter, or press ? or * to list all spells.
Aiming: Sandblast (safe; 4% risk of failure)
Press: ? - help, Shift-Dir - straight line, f - goblin
Aim: a goblin, wielding a +0 club (asleep, 100% to hit)
The blast of sand hits the goblin.
You kill the goblin!
Unknown command.
Things that are here:
a +0 club; a goblin corpse Dithmenos calls forth shadows to punish you. 3 shadows come into view.
The shadow misses you. The shadow barely misses you. The shadow hits you!
Ouch! That really hurt!
The shadow hits you.
* * * LOW HITPOINT WARNING * * *
The shadow barely misses you.
Casting: Sandblast (safe; 4% risk of failure)
Confirm with . or Enter, or press ? or * to list all spells.
Aiming: Sandblast (safe; 4% risk of failure)
Press: ? - help, Shift-Dir - straight line, f - shadow
Aim: a shadow (durably summoned, 79% to hit)
The blast of sand misses the shadow.
The blast of sand hits the shadow.
The shadow is lightly damaged.
The shadow hits you!
Ouch! That really hurt!
You die...

##+#########.#
#.
#...........#
#. ##
##..#######.#
## #.≈ #≈#.#
#.# #..≈#≈♣.#
#.# ≈#≈..#≈≈.#
#.# ...≈..≈W.#
#.#######
≈♣#≈..WW#
#....)...
≈.≈≈♣.@.#
#########
.≈.♣≈≈.##
≈.≈..≈≈#
#.≈#♣≈≈.# ..
#≈≈.## # ####


You could see 3 shadows.

Vanquished Creatures
  2 endoplasms (D:1)
  A goblin (D:1)
  A hobgoblin (D:1)
  A ball python (D:1)
  2 kobolds (D:1)
7 creatures vanquished.

Notes
Turn   | Place    | Note
-------+----------+-------------------------------------------
     0 | D:1      | cheechan the Octopode Earth Elementalist began the quest
                  | for the Orb.
     0 | D:1      | Reached XP level 1. HP: 11/11 MP: 3/3
   192 | D:1      | Reached XP level 2. HP: 13/17 MP: 0/5
   200 | D:1      | Found a faded altar of an unknown god.
   207 | D:1      | Prayed at the altar of an unknown god.
   207 | D:1      | Became a worshipper of Dithmenos the Shadowed
   207 | D:1      | Reached * piety under Dithmenos
   211 | D:1      | Fell from the grace of Dithmenos
   221 | D:1      | Upgraded the game from 0.28-a0-1447-ga5a8893891 to
                  | 0.28-a0-1493-g08698888e4
   447 | D:1      | Noticed a shadow
   447 | D:1      | Noticed a shadow
   447 | D:1      | Noticed a shadow
   452 | D:1      | Mangled by a shadow

Illustrated notes

Levels and vault maps discovered:
D:1:      erik_arrival_blinker_ship, layout_basic,
          dilly_ecumenical_altar_fadedgnrine, serial_rivers,
          chequers_serial_rivers_large_b, chequers_serial_rivers_micro_c,
          chequers_serial_rivers_marsh, chequers_serial_rivers_small_a

Action                   || total
-------------------------++-------
Melee: Hand axe          ||     4
       Tentacles         ||     1
 Cast: Sandblast         ||     9
Invok: Renounce Religion ||     1
Dodge: Dodged            ||     7

Table legend: (Time is in decaauts)
 A = Elapsed time spent in this place.
 B = Non-inter-level travel time spent in this place.
 C = Inter-level travel time spent in this place.
 D = Time resting spent in this place.
 E = Time spent auto-exploring this place.
 F = Levels seen in this place.
 G = Mean time per level.
                   A        B        C        D        E       F      G
               +--------+--------+--------+--------+--------+-----+--------+
         Total |    452 |    452 |      0 |      0 |      0 |   1 |  452.0 |
       Dungeon |    452 |    452 |      0 |      0 |      0 |   1 |  452.0 |
               +--------+--------+--------+--------+--------+-----+--------+

Top non-repeatable levels by time:
     D:1: 452 daAuts
